 Dungeon Crawl Stone Soup version 0.27-a0-1359-ga2a4dfd6fd (webtiles) character file.

Game seed: 10422917588787243464

66770 robertstho the Warrior (level 14, -9/138 HPs)
             Began as a Minotaur Berserker on June 28, 2021.
             Was a High Priest of Trog.
             Mangled by a catoblepas (26 damage)
             ... on level 15 of the Dungeon.
             The game lasted 00:28:19 (15879 turns).

robertstho the Warrior (Minotaur Berserker)        Turns: 15879, Time: 00:28:20

Health: -9/138     AC: 28    Str: 26    XL:     14   Next: 80%
Magic:  0/13       EV: 16    Int:  5    God:    Trog [*****.]
Gold:   1152       SH:  0    Dex: 16    Spells: 13/13 levels left

rFire    . . .     SeeInvis .   U - +8 frozen axe "Frostbite" {freezing cloud, *Noise Fly rC+}
rCold    + . .     Faith    .   (shield currently unavailable)
rNeg     . . .     Spirit   +   e - +3 plate armour
rPois    .         Reflect  .   O - +2 hat
rElec    .         Harm     .   t - +1 cloak {rCorr}
rCorr    +         Rampage  .   D - +0 pair of gloves
Will     +....                  N - +1 pair of boots
Stlth    ..........             i - amulet of guardian spirit
HPRegen  0.33/turn              l - +4 ring of evasion
MPRegen  0.13/turn              m - +6 ring of dexterity

@: on berserk cooldown, flying, very slightly contaminated, slowed, invisible,
very slow
A: horns 2, retaliatory headbutt
a: Renounce Religion, Berserk, Trog's Hand, Brothers in Arms


You were on level 15 of the Dungeon.
You worshipped Trog.
Trog was extremely pleased with you.
You visited 1 branch of the dungeon, and saw 15 of its levels.
You also visited: Bailey.

You collected 1624 gold pieces.
You spent 472 gold pieces at shops.

Inventory:

Hand Weapons
 j - the +9 mace "Nouffab" {protect, rC+}
   (You found it on level 7 of the Dungeon)

   It grants its wielder temporary protection when it strikes (+7 to AC).
   rC:        It protects you from cold.
 u - a +2 broad axe of electrocution
 R - a +3 executioner's axe
 U - the +8 frozen axe "Frostbite" (weapon) {freezing cloud, *Noise Fly rC+}
   (Trog gifted it to you on level 15 of the Dungeon)

   It has been specially enchanted to freeze those struck by it, causing extra
   injury to most foes and up to half again as much damage against particularly
   susceptible opponents.
   It can also slow down cold-blooded creatures.
   rC:        It protects you from cold.
   Fly:       It grants you flight.
   *Noise:    It may make noises in combat.
 Z - a +2 scimitar of flaming
Armour
 e - a +3 plate armour (worn)
 t - a +1 cloak of preservation (worn)
 D - a +0 pair of gloves (worn)
 N - a +1 pair of boots (worn)
 O - a +2 hat (worn)
 P - the +2 tower shield of the Northern Lights {Harm Dex+4}
   (You found it on level 11 of the Dungeon)

   Dex:       It affects your dexterity (+4).
   Harm:      It increases damage dealt and taken.
Jewellery
 b - a ring of poison resistance
 i - an amulet of guardian spirit (around neck)
 k - a ring of flight
 l - a +4 ring of evasion (left hand)
 m - a +6 ring of dexterity (right hand)
 n - a ring of protection from fire
 q - a ring of protection from fire
 F - an amulet of the acrobat
 T - a +6 ring of dexterity
Wands
 d - a wand of mindburst (44)
 r - a wand of flame (24)
 s - a wand of acid (25)
 K - a wand of digging (8)
 W - a wand of iceblast (7)
Scrolls
 o - 8 scrolls of enchant armour
 p - 2 scrolls of blinking
 w - 5 scrolls of teleportation
 x - 11 scrolls of enchant weapon
 y - a scroll of summoning
 A - a scroll of fog
 G - a scroll of immolation {unknown}
 H - 3 scrolls of fear
 L - a scroll of magic mapping {unknown}
Potions
 a - a potion of mutation
 c - 5 potions of haste
 f - a potion of attraction {unknown}
 g - 2 potions of might {unknown}
 h - 11 potions of curing {unknown}
 v - a potion of lignification {unknown}
 z - 2 potions of resistance
 B - 2 potions of brilliance {unknown}
 C - 2 potions of degeneration {unknown}
 E - 7 potions of heal wounds {unknown}
 I - a potion of berserk rage {unknown}
 J - a potion of invisibility
 V - 2 potions of magic
Miscellaneous
 S - a tin of tremorstones (1/2)


   Skills:
 * Level 16.3 Fighting
 + Level 16.1 Axes
 * Level 15.1 Armour
 + Level 8.1 Dodging
 + Level 11.0 Shields
 + Level 4.2 Evocations


You had 13 spell levels left.
You didn't know any spells.
Your spell library was empty.

Dungeon Overview and Level Annotations

Branches:
Dungeon (15/15)            Temple (0/1) D:6            Lair (0/6) D:10
 Vaults (0/5) D:14         Depths (0/5) D:15         Bailey (visited)
    Orc: D:9-12

Altars:
Elyvilon
Fedhas
Uskayaw
Wu Jian
Zin
The Shining One
Beogh

Shops:
D:4 [**

Annotations:
D:6 2 runed translucent doors
D:15 1 transporter, Atlas's ghost, journeyman DjAE


Innate Abilities, Weirdness & Mutations

You have a pair of horns on your head.
You reflexively headbutt those who attack you in melee.


Message History

The wolf spider bites you but does no damage.
You turn to flesh and can move again.
Your troll goes berserk!
The wolf spider hits you!! The wolf spider completely misses you.
The wolf spider hits you but does no damage.
The wolf spider barely misses you. The wolf spider misses you.
The wolf spider bites you but does no damage.
The seven-headed hydra closely misses you.
You furiously retaliate!
You headbutt the seven-headed hydra.
The seven-headed hydra closely misses you.
The seven-headed hydra bites you but does no damage.
The seven-headed hydra completely misses you.
The seven-headed hydra barely misses you. x2
The seven-headed hydra bites you but does no damage.
The catoblepas closely misses you. The wolf spider barely misses you.
You furiously retaliate!
You headbutt the wolf spider, but do no damage.
The wolf spider misses you. The wolf spider closely misses you.
You furiously retaliate!
You headbutt the wolf spider. The wolf spider closely misses you.
The seven-headed hydra barely misses you.
The seven-headed hydra bites you but does no damage.
The seven-headed hydra bites you! The seven-headed hydra misses you.
The seven-headed hydra bites you. The seven-headed hydra bites you!
The seven-headed hydra closely misses you.
The catoblepas misses you. The wolf spider misses you. You furiously retaliate!
You headbutt the wolf spider! The wolf spider closely misses you.
The wolf spider hits you!!
* * * LOW HITPOINT WARNING * * *
The wolf spider barely misses you.
Unknown command.
You hear a roar!
The wolf spider hits you!
* * * LOW HITPOINT WARNING * * *
The wolf spider bites you.
* * * LOW HITPOINT WARNING * * *
The wolf spider misses you. The wolf spider completely misses you.
You hear a roar!
You hear a shout!
The catoblepas gores you!!
You die...

# #.#
##..#.....##.###.##.# #
#.###.....###..#.##......
#
#.##..#####.##.#.##.##.##
#
#.#..##......#...#..#(..#
#
#.#.##....#..##..........
#
#.#.#s..#...#.#..#..#...#
# #...##..##.#.
#..##.##.## #
#...©#.#...#)##..#.......
#
#.#.##..@YD#!#...#.##.##.
#
#.#.#...#sy[[#©....#..[#.
#
#.#.#.#TDs#.$#...........
#
#.#.##.#.sW.(##..#.#...#.
#
#.#..#...#.#..#..#.##.##.
#
#.##.#...#.#D.#..#.......
#####
#.##.#...D..D##..#####...
)...#
#.##.###.D.###..........#
###'#
#.##...#####...#........#


You could see a catoblepas (berserk), a five-headed hydra, 2 wolf spiders, a
moth of wrath, a redback (berserk, ally target), Atlas's ghost (swift) and a
friendly troll (summoned, berserk).

Vanquished Creatures
  A stone giant (D:15)
  6 boulder beetles
  An ice dragon (D:15)
  7 hydras
  A death knight (D:12)
  8 centaur warriors
  An ogre mage (D:15)
  13 two-headed ogres
  2 tengu warriors (D:15)
  A skeletal warrior (D:12)
  Pikel (D:5)
  2 orc knights (Bailey)
  4 deep elf pyromancers
  6 manticores
  8 ugly things
  4 cyclopes
  The ghost of Bob the Cudgeller, a novice GrFi of Okawaru (D:5)
  2 gargoyles
  An efreet (D:12)
  2 komodo dragons (D:12)
  2 kobold demonologists
  A yaktaur (D:12)
  A tengu conjurer (D:12)
  4 trolls
  3 meliai (D:14)
  21 slime creatures
  A hornet (D:11)
  3 shadows
  A wyvern (D:10)
  20 yaks
  A spriggan (D:10)
  2 wraiths
  A basilisk (D:12)
  Menkaure (D:6)
  11 vampire mosquitoes
  A steam dragon (D:9)
  2 acid dragons
  Duvessa (D:7)
  16 orc warriors
  A sky beast (D:7)
  A black bear (D:4)
  4 ice beasts
  5 ogres
  A necrophage (D:6)
  14 centaurs
  A phantom (D:6)
  3 lemures (D:5)
  5 kobold brigands
  A bullfrog (D:8)
  Dowan (D:7)
  3 scorpions
  A water moccasin skeleton (D:6)
  5 killer bees
  9 howler monkeys
  4 centaur zombies
  2 jellies
  3 hounds
  5 iguanas
  7 orc priests
  3 bullfrog skeletons
  2 centaur skeletons (D:6)
  2 gnoll shamans
  12 orc wizards
  A howler monkey zombie (D:5)
  12 gnolls
  8 adders
  A white imp (D:5)
  3 adder skeletons
  A worm (D:3)
  3 dart slugs
  66 orcs
  7 endoplasms
  4 giant cockroaches
  13 goblins
  11 hobgoblins
  12 jackals
  3 quokkas (D:3)
  9 ball pythons
  7 bats
  7 frilled lizards
  26 kobolds
  5 rats
459 creatures vanquished.

Vanquished Creatures (collateral kills)
  4 vault guards (D:14)
  2 two-headed ogres
  A wizard (D:14)
  A deep elf pyromancer (D:12)
  A moth of wrath (D:15)
  A cyclops (D:12)
  A gargoyle (D:14)
  A troll (D:14)
  A basilisk (D:14)
  An orc warrior (Bailey)
  An ogre (D:6)
  3 boggarts (D:14)
18 creatures vanquished.

Vanquished Creatures (others)
  7 plants (D:1)
  4 withered plants (D:2)
11 creatures vanquished.

Grand Total: 488 creatures vanquished

Notes
Turn   | Place    | Note
-------+----------+-------------------------------------------
     0 | D:1      | robertstho the Minotaur Berserker began the quest for the
                  | Orb.
     0 | D:1      | Reached XP level 1. HP: 19/19 MP: 0/0
   222 | D:1      | Reached XP level 2. HP: 22/27 MP: 1/1
   706 | D:1      | Reached ** piety under Trog
   802 | D:1      | Reached XP level 3. HP: 31/34 MP: 2/2
  1386 | D:2      | Found a faded altar of an unknown god.
  1571 | D:2      | Reached XP level 4. HP: 26/41 MP: 3/3
  1867 | D:2      | Reached skill level 5 in Fighting
  2304 | D:3      | Reached *** piety under Trog
  2678 | D:3      | Reached XP level 5. HP: 48/48 MP: 4/4
  2680 | D:3      | Reached skill level 5 in Axes
  2767 | D:3      | Reached skill level 5 in Dodging
  2767 | D:3      | Reached XP level 6. HP: 62/62 MP: 5/5
  2795 | D:4      | Found an ornate altar of the Wu Jian Council.
  2807 | D:4      | Found Rob Doxu's Assorted Antiques.
  2989 | D:4      | Reached XP level 7. HP: 63/69 MP: 6/6
  3111 | D:4      | Bought a scroll of identify for 64 gold pieces
  3204 | D:4      | Found Gaaxkeal's General Store.
  3210 | D:4      | Bought a potion of resistance for 140 gold pieces
  3210 | D:4      | Bought a scroll of identify for 28 gold pieces
  3439 | D:4      | Found Selatadgh's Armour Shop.
  3498 | D:5      | Entered Level 5 of the Dungeon
  3530 | D:5      | Reached **** piety under Trog
  3706 | D:5      | Found a runed translucent door.
  3706 | D:5      | Noticed Bob's ghost (novice GrFi)
  3767 | D:5      | Noticed Pikel
  3780 | D:5      | Killed Pikel
  3781 | D:5      | Reached XP level 8. HP: 76/78 MP: 4/7
  3919 | D:5      | Found a blossoming altar of Fedhas.
  4371 | D:5      | Killed Bob's ghost
  4372 | D:5      | Reached skill level 10 in Axes
  4372 | D:5      | Reached XP level 9. HP: 85/85 MP: 6/8
  4505 | D:6      | Reached skill level 10 in Fighting
  4702 | D:6      | Noticed Menkaure
  4708 | D:6      | Killed Menkaure
  4729 | D:6      | Found a staircase to the Ecumenical Temple.
  4829 | D:6      | Found a large runed translucent door.
  4829 | D:6      | Found a large runed translucent door.
  4871 | D:6      | Noticed a gargoyle
  4881 | D:6      | Killed a gargoyle
  4907 | D:6      | Noticed a two-headed ogre
  4918 | D:6      | Killed a two-headed ogre
  5063 | D:6      | Found a large runed translucent door.
  5063 | D:6      | Found a large runed translucent door.
  5177 | D:6      | Found a white marble altar of Elyvilon.
  5210 | D:6      | Reached XP level 10. HP: 88/94 MP: 7/9
  5383 | D:6      | Identified the +5 arbalest of Xom's Inspiration {freeze,
                  | +Blink rCorr Str-4 Dex+6}
  6147 | D:7      | Noticed Duvessa
  6147 | D:7      | Noticed Dowan
  6151 | D:7      | Found a flagged portal.
  6158 | Bailey   | Entered a bailey
  6292 | Bailey   | Reached ***** piety under Trog
  6378 | Bailey   | Reached skill level 10 in Armour
  6378 | Bailey   | Reached skill level 5 in Shields
  6378 | Bailey   | Reached XP level 11. HP: 104/104 MP: 10/10
  6461 | Bailey   | Noticed an orc knight
  6469 | Bailey   | Noticed an orc knight
  6476 | Bailey   | Killed an orc knight
  6486 | Bailey   | Killed an orc knight
  6630 | D:7      | Killed Duvessa
  6684 | D:7      | Identified the +9 mace "Nouffab" {protect, rC+}
  6692 | D:7      | Killed Dowan
  7356 | D:8      | Found a glowing golden altar of the Shining One.
  7587 | D:9      | Noticed a two-headed ogre
  7597 | D:9      | Killed a two-headed ogre
  8256 | D:10     | Entered Level 10 of the Dungeon
  8259 | D:10     | Noticed a two-headed ogre
  8266 | D:10     | Killed a two-headed ogre
  8923 | D:10     | Reached XP level 12. HP: 113/113 MP: 11/11
  9156 | D:10     | Identified the +1 robe of Resilience {Dex+4}
  9229 | D:10     | Found a staircase to the Lair.
  9599 | D:11     | Identified the +2 tower shield of the Northern Lights {Harm
                  | Dex+4}
  9605 | D:11     | Noticed a seven-headed hydra
  9610 | D:11     | Killed a ten-headed hydra
  9750 | D:11     | Noticed a two-headed ogre
  9761 | D:11     | Killed a two-headed ogre
  9856 | D:11     | Received a gift from Trog
 10168 | D:12     | Noticed a two-headed ogre
 10176 | D:12     | Killed a two-headed ogre
 10395 | D:12     | Noticed a centaur warrior
 10402 | D:12     | Killed a centaur warrior
 10487 | D:12     | Noticed a two-headed ogre
 10491 | D:12     | Killed a two-headed ogre
 10550 | D:12     | Noticed an angel
 10552 | D:12     | Found a glowing silver altar of Zin.
 10597 | D:12     | Noticed a six-headed hydra
 10598 | D:12     | Noticed a seven-headed hydra
 10606 | D:12     | Killed a 12-headed hydra
 10626 | D:12     | Killed an 11-headed hydra
 10880 | D:12     | Noticed a two-headed ogre
 10884 | D:12     | Killed a two-headed ogre
 10885 | D:12     | Noticed a boulder beetle
 10900 | D:12     | Killed a boulder beetle
 10901 | D:12     | Reached XP level 13. HP: 100/124 MP: 8/12
 11275 | D:12     | Identified the +4 dagger "Vaizis" {vorpal, *Slow rPois rC++
                  | Str+3}
 11280 | D:12     | Identified the +4 hand crossbow of Corruption {elec, Int+7
                  | Dex+2}
 11922 | D:12     | Received a gift from Trog
 12017 | D:12     | Identified a scroll of acquirement
 12018 | D:12     | Acquired a +2 broad axe of electrocution
 12839 | D:13     | Reached skill level 15 in Fighting
 13247 | D:4      | Bought a pair of glowing boots for 240 gold pieces
 13937 | D:14     | Found a gate to the Vaults.
 13947 | D:14     | Reached skill level 15 in Axes
 13953 | D:14     | Reached XP level 14. HP: 127/135 MP: 10/13
 14434 | D:14     | Reached skill level 10 in Shields
 14883 | D:15     | Entered Level 15 of the Dungeon
 14891 | D:15     | Found a hide-covered altar of Uskayaw.
 15188 | D:15     | Found a transporter.
 15190 | D:15     | Noticed Atlas's ghost (journeyman DjAE)
 15226 | D:15     | Reached skill level 15 in Armour
 15322 | D:15     | Found a transporter.
 15716 | D:15     | Found a staircase to the Depths.
 15716 | D:15     | Noticed a stone giant
 15727 | D:15     | Killed a stone giant
 15727 | D:15     | Received a gift from Trog
 15728 | D:15     | Found the +8 frozen axe "Frostbite" {freezing cloud, *Noise
                  | Fly rC+}
 15879 | D:15     | Mangled by a catoblepas

Illustrated notes

Levels and vault maps discovered:
D:1:      dpeg_arrival_tiny_c, layout_basic, serial_rivers,
          chequers_serial_rivers_micro_d, chequers_serial_rivers_room_a,
          chequers_serial_rivers_small_3, chequers_serial_rivers_micro_d,
          serial_bayou_lake_a
D:2:      layout_rooms, ebering_ecumenical_altar_petrified
D:3:      layout_basic
D:4:      layout_rooms, lemuel_crystal_altar, serial_shops,
          nicolae_stop_n_shop_1, nicolae_square_shop, kennysheep_little_box,
          serial_corexii_hall, corexii_hall_statues_l,
          chequers_hall_statues_corner_a
D:5:      layout_cave_pools, kennysheep_mini, hellmonk_ghost_happy_afterlife,
          uniq_pikel
D:6:      layout_rooms, elyvilon_altar_5, minmay_temple_entry_sparse_star,
          minmay_hollow_rounded_squares, uniq_menkaure
D:7:      layout_basic, enter_bailey_3, uniq_duvessa
D:8:      layout_basic, lemuel_round_altar, hangedman_decor_growths
D:9:      layout_basic
D:10:     minmay_goldmine, layout_basic, lair_entry_dummy, the_hattery
D:11:     layout_basic, david_orc_5
D:12:     minmay_the_grid_octo_tiled_octocenter [minmay_the_grid_octo_clover_2,
          minmay_the_grid_octo_pinwheel, minmay_the_grid_octo_checkerflower,
          minmay_the_grid_octo_teeth,
          minmay_the_grid_octo_prize_ultimate_mussel_roller,
          minmay_the_grid_square_5x5_three_small,
          minmay_the_grid_square_5x5_sharp_hourglass,
          minmay_the_grid_square_5x5_checkered_statues,
          minmay_the_grid_square_5x5_tie], layout_loops_ring, zin_angel
D:13:     layout_cave_pools, david_defended_altar_orc
D:14:     layout_roguey, lightli_vaults_fourway_checkpoint,
          minmay_stone_trees_small
D:15:     grunt_enter_depths_snipers, layout_long_grid,
          gammafunk_ghost_berserking_beasts, corexii_leaking_fountain,
          hangedman_decor_clover_reticule,
          nicolae_uskayaw_murder_on_the_dancefloor

Skill      XL: |  1  2  3  4  5  6  7  8  9 10 11 12 13 14 |
---------------+-------------------------------------------+-----
Fighting       | 4 5 8 9 10 11 12 14 15 16 | 16.3
Axes           | 4 8 9 10 11 12 13 14 15 16 | 16.1
Armour         | 3 7 8 10 11 12 14 15 | 15.1
Dodging        | 5 6 7 8 |  8.1
Shields        | 4 5 7 9 11 | 11.0
Evocations     | 3 4 |  4.2

Action                   |  1- 3 |  4- 6 |  7- 9 | 10-12 | 13-15 || total
-------------------------+-------+-------+-------+-------+-------++-------
Melee: Hand axe          |    84 |    82 |   163 |   430 |   109 ||   868
       Headbutt          |    15 |    17 |    45 |   127 |   108 ||   312
       Broad axe         |       |       |       |       |   200 ||   200
       Executioner's axe |       |       |       |       |     4 ||     4
Invok: Berserk           |     1 |     2 |     7 |     5 |     7 ||    22
       Brothers in Arms  |       |       |     2 |     1 |     5 ||     8
       Trog's Hand       |       |       |     2 |       |     1 ||     3
Evoke: Tin of tremorston |       |       |       |       |     2 ||     2
       Wand              |       |       |       |       |     1 ||     1
  Use: Scroll            |       |     5 |     2 |     5 |     4 ||    16
       Potion            |       |     1 |       |     1 |     1 ||     3
 Stab: Invisible         |       |       |       |       |     2 ||     2
Armor: Animal skin       |    19 |    13 |    11 |       |       ||    43
       Plate armour      |       |       |     8 |   179 |   232 ||   419
Dodge: Dodged            |    48 |    83 |    96 |   238 |   174 ||   639
Block: Tower shield      |       |       |       |   115 |   349 ||   464

Table legend: (Time is in decaauts)
 A = Elapsed time spent in this place.
 B = Non-inter-level travel time spent in this place.
 C = Inter-level travel time spent in this place.
 D = Time resting spent in this place.
 E = Time spent auto-exploring this place.
 F = Levels seen in this place.
 G = Mean time per level.
                   A        B        C        D        E       F      G
               +--------+--------+--------+--------+--------+-----+--------+
         Total |  16032 |  14935 |   1097 |    718 |  11525 |  16 | 1002.0 |
       Dungeon |  15567 |  14470 |   1097 |    673 |  11291 |  15 | 1037.8 |
        Bailey |    464 |    464 |      0 |     45 |    234 |   1 |  464.0 |
               +--------+--------+--------+--------+--------+-----+--------+

Top non-repeatable levels by time:
    D:12: 2304 daAuts
    D:14: 1443 daAuts
     D:1: 1291 daAuts
    D:10: 1201 daAuts
     D:6: 1074 daAuts
     D:7: 1026 daAuts
    D:15: 1013 daAuts
     D:5: 964 daAuts
     D:9: 891 daAuts
     D:3: 798 daAuts
    D:13: 787 daAuts
     D:2: 785 daAuts
     D:4: 723 daAuts
     D:8: 668 daAuts
    D:11: 592 daAuts
